 Dungeon Crawl Stone Soup version 0.30-b1-2-g02819fbbbe (webtiles) character file.

Game seed: 11278036338711754557

4811 magipi the Basher (level 11, 0/90 (94) HPs)
             Began as a Meteoran Berserker on June 10, 2023.
             Was a High Priest of Trog.
             Slain by a kobold brigand
             ... wielding a +0 short sword of draining
              (2 damage)
             ... on level 9 of the Dungeon.
             The game lasted 00:21:09 (3326 turns).

magipi the Basher (Meteoran Berserker)              Turns: 3326, Time: 00:21:11

HP:   0/90 (94)     AC:  8    Str: 20    XL:     11   Next: 5%
MP:   12/12         EV: 15    Int:  9    God:    Trog [*****.]
Gold: 216           SH:  5    Dex: 17    Spells: 10/10 levels left

rFire   + . .        a - +2 morningstar (venom)
rCold   . . .        (no shield)
rNeg    . . .        u - +2 ring mail {rF+}
rPois   .            (no helmet)
rElec   .            (no cloak)
rCorr   .            (no gloves)
SInv    .            (no boots)
Will    ++...        r - amulet of reflection
Stlth   +            m - ring of willpower
HPRegen 0.35/turn    (no ring)
MPRegen 0.13/turn

%: reflection
@: mighty, on berserk cooldown, glowing, lightly drained
A: sense surroundings 2, otherworldly, glowing, explore regen
a: Renounce Religion, Berserk, Trog's Hand, Brothers in Arms


You were on level 9 of the Dungeon.
You worshipped Trog.
Trog was extremely pleased with you.
You visited 2 branches of the dungeon, and saw 10 of its levels.

You collected 255 gold pieces.
You spent 39 gold pieces at shops.

Inventory:

Hand Weapons
 a - a +2 morningstar of venom (weapon)
   (You took it off an orc on level 6 of the Dungeon)
Missiles
 o - 2 throwing nets (quivered)
Armour
 u - a +2 ring mail of fire resistance (worn)
   (You took it off an orc on level 6 of the Dungeon)
Jewellery
 m - a ring of willpower (left hand)
   (You found it on level 3 of the Dungeon)
 r - an amulet of reflection (around neck)
   (You found it on level 4 of the Dungeon)
Wands
 s - a wand of flame (26)
   (You found it on level 7 of the Dungeon)
 x - a wand of mindburst (11)
   (You found it on level 7 of the Dungeon)
Scrolls
 c - 2 scrolls of enchant weapon
 f - a scroll of poison
 g - 3 scrolls of teleportation
 h - a scroll of fear
 i - a scroll of immolation
 j - 2 scrolls of blinking {unknown}
 n - a scroll of brand weapon
 p - 2 scrolls of vulnerability
 t - 2 scrolls of noise {unknown}
 v - a scroll of torment
Potions
 d - 4 potions of curing
 e - 3 potions of attraction
 k - 2 potions of haste
 l - 3 potions of mutation
 q - a potion of resistance
 w - a potion of cancellation


   Skills:
 + Level 8.0 Fighting
 * Level 12.8 Maces & Flails
 + Level 8.3 Armour
 + Level 8.3 Dodging
 + Level 2.8 Evocations


You had 10 spell levels left.
You didn't know any spells.
Your spell library was empty.

Dungeon Overview and Level Annotations

Branches:
Dungeon (9/15) Zot: 1942   Temple (1/1) D:6 Zot: 598
   Lair: D:8-11         Orc: D:9-12

Altars:
Ashenzari
Dithmenos
Kikubaaqudgha
Trog

Shops:
D:1 ?


Innate Abilities, Weirdness & Mutations

You passively map the area around you.
You are easily found by Zot.
You glow in the dark.
You regain HP and MP as you explore.


Message History

Unknown command.
You hit the orc warrior but do no damage.
The orc warrior is heavily wounded.
The orc warrior hits you with a +0 glaive.
* * * LOW HITPOINT WARNING * * *
Unknown command.
Unknown command.
It was a potion of might.
You feel very mighty all of a sudden. You block the orc warrior's attack.
You hit the orc warrior.
The orc warrior looks as sick as possible!
The orc warrior is heavily wounded.
The orc warrior hits you but does no damage.
You puncture the orc warrior!
You kill the orc warrior!
Trog accepts your kill.
Trog will now gift you melee weapons as you gain piety.
You impale the orc!!
You kill the orc!
Trog accepts your kill.
You barely miss the kobold brigand.
The kobold brigand hits you but does no damage.
You feel drained.
The orc wizard casts a spell.
The orc wizard flickers and vanishes!
Deactivating autopickup; reactivate with Ctrl-A.
You barely miss the kobold brigand. You closely miss the kobold brigand.
The kobold brigand hits you with a +0 short sword of draining!
* * * LOW HITPOINT WARNING * * *
You feel drained.
* * * LOW HITPOINT WARNING * * *
You impale the kobold brigand!!
The kobold brigand looks as sick as possible!
The kobold brigand is almost dead.
The kobold brigand hits you with a +0 short sword of draining.
* * * LOW HITPOINT WARNING * * *
You feel drained.
You die...

#.#..#,.# , **,, , .
#.#..# .# ,
,,.K#,,## *,* .
#...##..*## **
o.#,... ,, *# #...#
.#... , * ..#..##
,*** #...#.... ,
..#.... #..##..
#####, , o....
#..#.####...####
*... ,
#..[##.........###o#
*
#..).†...###....@Ko#
* #...######
######### #.### ##


You could see an orc warrior, a kobold brigand (extremely poisoned) and an orc.

Vanquished Creatures
  A tengu conjurer (D:9)
  A troll (D:9)
  A hornet (D:9)
  A shadow (D:9)
  A wraith (D:9)
  A wyvern (D:9)
  A steam dragon (D:9)
  5 yaks
  A vampire (D:8)
  3 water moccasins
  Duvessa (D:6)
  3 orc warriors
  An ice beast (D:5)
  2 sky beasts (D:7)
  3 ogres
  A centaur (D:9)
  A kobold brigand (D:7)
  4 bullfrogs
  A gnoll sergeant (D:6)
  A scorpion (D:5)
  Dowan (D:6)
  A killer bee (D:9)
  A howler monkey (D:9)
  7 orc priests
  2 jellies (D:5)
  3 hounds
  Jessica (D:3)
  An iguana (D:7)
  6 orc wizards
  10 adders
  9 gnolls
  A shadow imp (D:6)
  3 white imps
  A dart slug (D:1)
  20 orcs
  2 bats
  6 endoplasms
  3 giant cockroaches
  8 goblins
  6 hobgoblins
  8 jackals
  8 kobolds
  2 quokkas (D:3)
  6 ball pythons
  4 frilled lizards
  22 rats
176 creatures vanquished.

Vanquished Creatures (others)
  A withered plant (D:4)
1 creature vanquished.

Grand Total: 177 creatures vanquished

Notes
Turn   | Place    | Note
-------+----------+-------------------------------------------
     0 | D:1      | magipi the Meteoran Berserker began the quest for the Orb.
     0 | D:1      | Reached XP level 1. HP: 19/19 MP: 2/2
    28 | D:1      | Reached XP level 2. HP: 25/26 MP: 3/3
    90 | D:1      | Reached XP level 3. HP: 19/31 MP: 4/4
   166 | D:1      | Reached ** piety under Trog
   211 | D:1      | Found Ustopnuz's Magic Scroll Shoppe.
   221 | D:1      | Bought a scroll of teleportation for 39 gold pieces
   252 | D:2      | Reached XP level 4. HP: 39/39 MP: 5/5
   343 | D:2      | Reached skill level 5 in Maces & Flails
   519 | D:3      | Reached XP level 5. HP: 46/46 MP: 6/6
   519 | D:3      | Reached *** piety under Trog
   712 | D:3      | Noticed a bullfrog
   727 | D:3      | Killed a bullfrog
   728 | D:3      | Reached skill level 6 in Maces & Flails
   728 | D:3      | Reached XP level 6. HP: 22/53 MP: 7/7
   788 | D:3      | Noticed Jessica
   793 | D:3      | Killed Jessica
   834 | D:4      | Noticed an ogre
   845 | D:4      | Killed an ogre
   846 | D:4      | Reached XP level 7. HP: 60/60 MP: 8/8
   864 | D:4      | Found an ancient bone altar of Kikubaaqudgha.
  1145 | D:4      | Reached skill level 7 in Maces & Flails
  1334 | D:5      | Entered Level 5 of the Dungeon
  1361 | D:5      | Reached skill level 5 in Fighting
  1361 | D:5      | Reached XP level 8. HP: 68/68 MP: 9/9
  1414 | D:5      | Reached skill level 8 in Maces & Flails
  1414 | D:5      | Reached skill level 5 in Armour
  1414 | D:5      | Reached skill level 5 in Dodging
  1890 | D:6      | Reached **** piety under Trog
  1930 | D:6      | Found a staircase to the Ecumenical Temple.
  1946 | D:6      | Noticed Duvessa
  1953 | D:6      | Noticed Dowan
  1956 | D:6      | Killed Duvessa
  1957 | D:6      | Reached skill level 9 in Maces & Flails
  1957 | D:6      | Gained mutation: You passively map the area around you.
                  | [Meteoran growth]
  1957 | D:6      | Reached XP level 9. HP: 72/75 MP: 10/10
  1970 | D:6      | Killed Dowan
  2029 | D:6      | Found a broken altar of Ashenzari.
  2056 | D:6      | Found a shadowy altar of Dithmenos.
  2145 | D:6      | Reached skill level 10 in Maces & Flails
  2187 | Temple   | Entered the Ecumenical Temple
  2504 | D:7      | Reached XP level 10. HP: 56/84 MP: 11/11
  2524 | D:7      | Reached skill level 11 in Maces & Flails
  3147 | D:9      | Reached skill level 12 in Maces & Flails
  3237 | D:9      | Reached skill level 1 in Evocations
  3275 | D:9      | Noticed a tengu conjurer
  3281 | D:9      | Killed a tengu conjurer
  3285 | D:9      | Reached XP level 11. HP: 38/94 MP: 12/12
  3321 | D:9      | Reached ***** piety under Trog
  3326 | D:9      | HP: 2/91 [kobold brigand/+0 short sword of draining (4)]
  3326 | D:9      | Slain by a kobold brigand

Illustrated notes

Levels and vault maps discovered:
D:1:      lightli_arrival_flooded_house, layout_rooms, serial_shops, shop,
          grunt_decor_resistance, minmay_misc_feat_diagonals
D:2:      layout_basic, basic_altar, nicolae_kite_square_tiling_tiny
D:3:      layout_rooms, minmay_rat_hole, uniq_jessica
D:4:      layout_layer_cave, kiku_gazebo_garden_becter, portal_sewer_entry_e
D:5:      layout_rooms
D:6:      layout_cave_pools, grunt_dithmenos_smoke_and_mirrors,
          mainiacjoe_overflow_surrounded_room, minmay_temple_entry_junction_2,
          minmay_misc_feat_room, kennysheep_donut, uniq_duvessa
D:7:      lemuel_slime, layout_basic
D:8:      layout_loops_ring, mainiacjoe_overflow_alcove_1
D:9:      layout_basic, minmay_pinched_square
Temple:   minmay_crystal_spiral_temple

Skill      XL: |  1  2  3  4  5  6  7  8  9 10 |
---------------+-------------------------------+-----
Armour         | 3 4 5 7 8 |  8.3
Dodging        | 3 4 5 7 8 |  8.3
Maces & Flails | 5 6 7 9 10 12 | 12.8
Fighting       | 4 5 6 8 |  8.0
Evocations     | 2 |  2.8

Action                     |  1- 3 |  4- 6 |  7- 9 | 10-12 || total
---------------------------+-------+-------+-------+-------++-------
  Melee: Mace              |    59 |   134 |   146 |       ||   339
         Punch             |     1 |     1 |     3 |     1 ||     6
         Morningstar       |       |       |    91 |   132 ||   223
 Invoke: Berserk           |     1 |     3 |     5 |     4 ||    13
    Use: Scroll            |       |     3 |     7 |     6 ||    16
         Potion            |       |       |       |     2 ||     2
 Armour: Animal skin       |    22 |     7 |       |       ||    29
         Scale mail        |       |    57 |    57 |       ||   114
         Ring mail         |       |       |    23 |    28 ||    51
  Dodge: Dodged            |    37 |    63 |    91 |    46 ||   237
  Block: Other             |       |     1 |    47 |    20 ||    68
         Reflection        |       |       |     1 |       ||     1

Action                     |  1- 3 |  4- 6 |  7- 9 | 10-12 || total
---------------------------+-------+-------+-------+-------++-------
  Melee: Mace              |    59 |   134 |   146 |       ||   339
         Punch             |     1 |     1 |     3 |     1 ||     6
         Morningstar       |       |       |    91 |   132 ||   223
 Invoke: Berserk           |     1 |     3 |     5 |     4 ||    13
    Use: Scroll            |       |     3 |     7 |     6 ||    16
         Potion            |       |       |       |     2 ||     2
 Armour: Animal skin       |    22 |     7 |       |       ||    29
         Scale mail        |       |    57 |    57 |       ||   114
         Ring mail         |       |       |    23 |    28 ||    51
  Dodge: Dodged            |    37 |    63 |    91 |    46 ||   237
  Block: Other             |       |     1 |    47 |    20 ||    68
         Reflection        |       |       |     1 |       ||     1
